 Dungeon Crawl Stone Soup version 0.30-b1-2-g02819fbbbe (webtiles) character file.

Game seed: 6728074777829072

602 Kimikox the Covered (level 7, -2/54 HPs)
             Began as a Human Berserker on Sept 30, 2023.
             Was a Believer of Trog.
             Slain by a phantom (4 damage)
             ... on level 6 of the Dungeon.
             The game lasted 00:15:09 (2889 turns).

Kimikox the Covered (Human Berserker)               Turns: 2889, Time: 00:15:09

Health: -2/54      AC:  9    Str: 19    XL:     7   Next: 69%
Magic:  7/7        EV: 12    Int:  8    God:    Trog [**....]
Gold:   308        SH:  0    Dex: 16    Spells: 6/6 levels left

rFire   x . .        e - +9 dagger "Weloiczy" {flame, rF- rC+ Dex+4}
rCold   + . .        (no shield)
rNeg    . . .        g - +0 ring mail
rPois   .            (no helmet)
rElec   +            (no cloak)
rCorr   .            (no gloves)
SInv    .            k - +2 pair of boots
Will    .....        c - amulet of magic regeneration
Stlth   +            (no ring)
HPRegen 0.29/turn    (no ring)
MPRegen 0.50/turn

%: no passive effects
@: no status effects
A: talons 1, electricity resistance, inability to drink after injury 1,
MP-powered wands
a: Renounce Religion, Berserk, Trog's Hand


You were on level 6 of the Dungeon.
You worshipped Trog.
Trog was pleased with you.
You visited 1 branch of the dungeon, and saw 6 of its levels.

You collected 308 gold pieces.

Inventory:

Hand Weapons
 a - a +0 spear
 e - the +9 dagger "Weloiczy" (weapon) {flame, rF- rC+ Dex+4}
   (You found it on level 2 of the Dungeon)

   Dex:       It affects your dexterity (+4).
   rF:        It makes you vulnerable to fire.
   rC:        It protects you from cold.
 i - a +1 spear of venom
 n - the +4 whip of Gravity {drain, Int+2 Dex+2}
   (You found it on level 3 of the Dungeon)

   Int:       It affects your intelligence (+2).
   Dex:       It affects your dexterity (+2).
Armour
 b - a +0 animal skin
 g - a +0 ring mail (worn)
 k - a +2 pair of boots (worn)
 w - the +2 leather armour "Tuath" {rElec rN+++ Dex-2}
   (You found it on level 6 of the Dungeon)

   Dex:       It affects your dexterity (-2).
   rElec:     It insulates you from electricity.
   rN:        It renders you almost immune to negative energy.
Jewellery
 c - an amulet of magic regeneration (around neck)
 d - a ring of resist corrosion
 s - a +4 ring of protection
Scrolls
 m - a scroll of enchant armour {unknown}
 o - 4 scrolls of identify {unknown}
 p - 2 scrolls of teleportation
 q - a scroll of noise {unknown}
 x - a scroll of torment {unknown}
 y - a scroll of fog {unknown}
Potions
 f - 2 potions of brilliance {unknown}
 h - 2 potions of curing {unknown}
 j - a potion of mutation
 l - 2 potions of cancellation {unknown}
 r - 2 potions of heal wounds {unknown}
 t - 3 potions of attraction {unknown}
 u - a potion of ambrosia {unknown}
 v - a potion of might {unknown}


   Skills:
 + Level 4.1 Fighting
 + Level 3.2 Short Blades
 + Level 4.5 Polearms
 + Level 4.6 Armour
 + Level 3.2 Dodging
 + Level 1.2 Stealth


You had 6 spell levels left.
You didn't know any spells.
Your spell library contained the following spells:

 Spells                   Type           Power      Damage    Failure   Level
 Frozen Ramparts          Ice            0%         1d1       91%         3
 Ice Form                 Ice/Tmut       0%         N/A       100%        4
 Summon Ice Beast         Ice/Summ       0%         N/A       100%        4


Dungeon Overview and Level Annotations

Branches:
Dungeon (6/15)
 Temple: D:4-7

Altars:
Fedhas
Kikubaaqudgha
Ru
Xom

Shops:
D:3 (


Innate Abilities, Weirdness & Mutations

You have sharp toenails.
You are resistant to electric shocks. (rElec)
You occasionally lose the ability to drink potions when taking damage.
You expend magic power (3 MP) to strengthen your wands.


Message History

A phantom comes into view.
The ogre hits you with a +0 giant spiked club!!
You puncture the ogre! You burn the ogre.
The ogre is heavily wounded.
The white imp gestures at you. The puff of frost hits you. You resist.
The ogre hits you but does no damage.
You puncture the ogre! You burn the ogre.
The ogre is almost dead.
You hit the white imp but do no damage. The ogre barely misses you.
The white imp completely misses you.
You hit the white imp. You burn the white imp.
The white imp is severely wounded.
The white imp hits you but does no damage.
You puncture the white imp! You burn the white imp.
You kill the white imp!
Trog accepts your kill. The ogre completely misses you.
The phantom hits you but does no damage.
You barely miss the phantom. The ogre completely misses you.
The phantom hits you but does no damage.
You closely miss the phantom. You puncture the phantom! You burn the phantom.
The phantom is moderately damaged.
The phantom hits you but does no damage.
The ogre hits you with a +0 giant spiked club!!
Ouch! That really hurt!
* * * LOW HITPOINT WARNING * * *
You barely miss the phantom.
The phantom is moderately damaged.
The phantom hits you.
* * * LOW HITPOINT WARNING * * *
The phantom blinks!
You blink.
There are monsters nearby!
The phantom attacks as you move away! The phantom hits you.
* * * LOW HITPOINT WARNING * * *
The ogre barely misses you. The phantom attacks as you move away!
The phantom hits you.
* * * LOW HITPOINT WARNING * * *
Found a stone staircase leading down.
The phantom hits you.
You die...

...........##...†........
......#.##..........##...
......##.................
....#.......#.#..........
...##..$....###....##....
)....>..................#
..............O..#....##
..............W.......#
#..............#@..#..##
.............###...#...#
..............##........
........................
..........(.....#.......
......###..$....#......#
......###..........##.##
.......#....###..... >.
.....#....... ....


You could see an ogre and a phantom.

Vanquished Creatures
  A sky beast (D:6)
  A black bear (D:6)
  An ice beast (D:6)
  A centaur (D:6)
  A jelly (D:6)
  An orc priest (D:6)
  A hound (D:6)
  2 orc wizards
  4 adders
  A white imp (D:6)
  2 worms (D:3)
  2 dart slugs
  4 orcs
  5 ball pythons
  7 bats
  8 endoplasms
  6 goblins
  7 hobgoblins
  2 kobolds (D:2)
  2 quokkas
  A frilled lizard (D:2)
  4 rats (D:1)
64 creatures vanquished.

Notes
Turn   | Place    | Note
-------+----------+-------------------------------------------
     0 | D:1      | Kimikox the Human Berserker began the quest for the Orb.
     0 | D:1      | Reached XP level 1. HP: 18/18 MP: 1/1
    71 | D:1      | Reached XP level 2. HP: 16/24 MP: 2/2
   455 | D:1      | Reached XP level 3. HP: 28/29 MP: 3/3
   769 | D:1      | Reached ** piety under Trog
  1261 | D:2      | Identified the +9 dagger "Weloiczy" {flame, rF- rC+ Dex+4}
  1458 | D:3      | Reached XP level 4. HP: 32/35 MP: 4/4
  1489 | D:3      | Found a faded altar of an unknown god.
  1505 | D:3      | Found Daos's Antique Weapon Shoppe.
  1623 | D:3      | Identified the +0 plate armour of Optimism {rElec}
  1626 | D:3      | Gained mutation: You expend magic power (3 MP) to
                  | strengthen your wands. [potion of mutation]
  1626 | D:3      | Gained mutation: You occasionally lose the ability to drink
                  | potions when taking damage. [potion of mutation]
  1626 | D:3      | Gained mutation: You are resistant to electric shocks.
                  | (rElec) [potion of mutation]
  1626 | D:3      | Gained mutation: You have sharp toenails. [potion of
                  | mutation]
  1985 | D:3      | Reached XP level 5. HP: 41/41 MP: 5/5
  1991 | D:3      | Identified the +4 whip of Gravity {drain, Int+2 Dex+2}
  2046 | D:3      | Found a blossoming altar of Fedhas.
  2110 | D:3      | You fall into a shaft and drop 1 floor!
  2228 | D:5      | Entered Level 5 of the Dungeon
  2245 | D:6      | Noticed a black bear
  2245 | D:6      | Noticed a sky beast
  2256 | D:6      | Killed a black bear
  2257 | D:6      | Reached skill level 1 in Short Blades
  2257 | D:6      | Reached skill level 1 in Stealth
  2257 | D:6      | Reached XP level 6. HP: 16/48 MP: 6/6
  2258 | D:6      | Killed a sky beast
  2372 | D:6      | Found a sacrificial altar of Ru.
  2374 | D:6      | Found a shimmering altar of Xom.
  2444 | D:6      | Identified the +2 leather armour "Tuath" {rElec rN+++
                  | Dex-2}
  2516 | D:6      | Reached XP level 7. HP: 37/54 MP: 7/7
  2835 | D:6      | Found an ancient bone altar of Kikubaaqudgha.
  2880 | D:6      | HP: 1/54 [phantom (5)]
  2885 | D:6      | HP: 1/54 [phantom (1)]
  2889 | D:6      | Slain by a phantom

Illustrated notes

Levels and vault maps discovered:
D:1:      dpeg_arrival_erosion, layout_basic, minmay_pentomino_o4
D:2:      layout_loops_cross
D:3:      layout_rooms, fedhas_ov_isle_minmay,
          dreamdust_ecumenical_altar_statues, serial_shops,
          nicolae_shop_tiny_statue_garden
D:4:      layout_loops_ring, lemuel_doored_altar, minmay_temple_entry_poolview
D:5:      layout_rooms, grunt_gozag_breadcrumbs, serial_shops, shop,
          minivault_25, uniq_ijyb, uniq_prince_ribbit1, uniq_eustachio
D:6:      layout_cave_pools, nicolae_overflow_hidden_temple,
          mainiacjoe_overflow_surrounded_room, hangedman_decor_riveting

Skill      XL: |  1  2  3  4  5  6  7 |
---------------+----------------------+-----
Polearms       | 4 |  4.5
Short Blades   | 1 2 3 |  3.2
Armour         | 3 4 |  4.6
Stealth        | 1 |  1.2
Fighting       | 4 |  4.1
Dodging        | 3 |  3.2

Action                     |  1- 3 |  4- 6 |  7- 9 || total
---------------------------+-------+-------+-------++-------
  Melee: Spear             |    84 |       |       ||    84
         Punch             |     1 |     1 |       ||     2
         Dagger            |     7 |    66 |    36 ||   109
    Use: Scroll            |     3 |       |       ||     3
         Potion            |       |     1 |       ||     1
   Stab: Sleeping          |     1 |       |       ||     1
 Armour: Animal skin       |     6 |       |       ||     6
         Ring mail         |    28 |    36 |    12 ||    76
  Dodge: Dodged            |    52 |    47 |    15 ||   114
